 Dungeon Crawl Stone Soup version 0.28.0-53-g5a82cb258f (webtiles) character file.

Game seed: 3669907235714888664

302 cbfl8 the Chopper (level 6, 0/82 HPs)
             Began as a Minotaur Berserker on July 13, 2022.
             Was a Believer of Trog.
             Slain by a gnoll
             ... wielding a +0 spear
              (2 damage)
             ... on level 4 of the Dungeon.
             The game lasted 00:03:21 (2766 turns).

cbfl8 the Chopper (Minotaur Berserker)              Turns: 2766, Time: 00:03:22

Health: 0/82       AC:  9    Str: 21    XL:     6   Next: 14%
Magic:  5/5        EV: 11    Int: 13    God:    Trog [**....]
Gold:   167        SH:  0    Dex: 18    Spells: 5/5 levels left

rFire   + . .      SeeInvis .   a - +0 hand axe
rCold   . . .      Faith    .   (no shield)
rNeg    . . .      Spirit   .   m - +2 scale mail of Subjectivity {rF+ Will++ Int+3}
rPois   .          Reflect  .   (helmet restricted)
rElec   .          Harm     .   (no cloak)
rCorr   .          Rampage  .   (no gloves)
Will    ++...                   (no boots)
Stlth   ..........              (no amulet)
HPRegen 0.23/turn               p - +6 ring of intelligence
MPRegen 0.09/turn               q - +6 ring of dexterity

@: berserking (expiring), very quick
A: horns 2, retaliatory headbutt
a: Renounce Religion, Berserk, Trog's Hand


You were on level 4 of the Dungeon.
You worshipped Trog.
Trog was pleased with you.
You visited 1 branch of the dungeon, and saw 4 of its levels.

You collected 167 gold pieces.

Inventory:

Hand Weapons
 a - a +0 hand axe (weapon)
Armour
 b - a +0 animal skin
 d - a +0 ring mail
 m - the +2 scale mail of Subjectivity (worn) {rF+ Will++ Int+3}
   (You found it on level 2 of the Dungeon)

   Int:       It affects your intelligence (+3).
   rF:        It protects you from fire.
   Will:      It greatly increases your willpower.
Jewellery
 p - a +6 ring of intelligence (left hand)
 q - a +6 ring of dexterity (right hand)
 s - a ring of poison resistance
 u - a ring of fire
Wands
 w - a wand of polymorph (1)
Scrolls
 c - a scroll of identify {unknown}
 e - a scroll of fog {unknown}
 f - a scroll of torment {unknown}
 h - a scroll of immolation {unknown}
 j - a scroll of blinking {unknown}
 l - a scroll of silence {unknown}
 t - 2 scrolls of amnesia {unknown}
 v - a scroll of enchant weapon {unknown}
 x - a scroll of noise {unknown}
Potions
 g - a potion of degeneration {unknown}
 i - a potion of magic {unknown}
 k - a potion of cancellation {unknown}
 n - a potion of might {unknown}
 o - 4 potions of curing {unknown}
 r - a potion of berserk rage {unknown}


   Skills:
 + Level 4.9 Fighting
 + Level 5.5 Axes
 + Level 5.1 Armour
 + Level 3.1 Dodging


You had 5 spell levels left.
You didn't know any spells.
Your spell library was empty.

Dungeon Overview and Level Annotations

Branches:
Dungeon (4/15)
 Temple: D:4-7

Altars:

Shops:
D:1 =[(


Innate Abilities, Weirdness & Mutations

You have a pair of horns on your head.
You reflexively headbutt those who attack you in melee.


Message History

You hit the gnoll shaman but do no damage.
The gnoll shaman hits you but does no damage.
You slash the gnoll!
You kill the gnoll!
Trog accepts your kill.
You hit the gnoll shaman. The gnoll barely misses you.
The gnoll hits you from afar with a +0 halberd.
The gnoll shaman calls upon its god to speed up the gnoll.
The gnoll seems to speed up.
You have reached level 6!
You slash the gnoll shaman!
The gnoll shaman is almost dead.
The gnoll hits you from afar with a +0 spear!
* * * LOW HITPOINT WARNING * * *
The gnoll barely misses you.
The gnoll shaman utters an invocation to its god.
The gnoll shaman is healed somewhat.
You hit the gnoll shaman. You headbutt the gnoll shaman.
You kill the gnoll shaman!
Trog accepts your kill.
The gnoll hits you from afar with a +0 spear!
* * * LOW HITPOINT WARNING * * *
Your Armour skill increases to level 5!
Okay, then.
The gnoll hits you with a +0 spear.
* * * LOW HITPOINT WARNING * * *
The gnoll hits you with a +0 halberd.
* * * LOW HITPOINT WARNING * * *
Things that are here:
a +0 spear; a gnoll corpse You closely miss the gnoll.
You slash the gnoll! The gnoll hits you with a +0 spear.
* * * LOW HITPOINT WARNING * * *
The gnoll hits you with a +0 halberd.
* * * LOW HITPOINT WARNING * * *
You barely miss the gnoll. You slash the gnoll!
You kill the gnoll!
Trog accepts your kill. The gnoll hits you with a +0 spear.
You die...

####### #..##.#### ##
##...#.#.># #.
##.........# #
###.####..........####
#.....####..........#.
##....# ##........####
##.....###.........##.#
#....g@...........##...
#....)))#.#.......##...
#........##........##..
...........#........##..
#####......#.(......##..
#..........##....##..
#.........####.......
.........## #.......
#.......


You could see a gnoll (fast).

Vanquished Creatures
  A scorpion (D:4)
  A gnoll shaman (D:4)
  Ijyb (D:3)
  An orc wizard (D:3)
  3 gnolls (D:4)
  7 adders
  An adder skeleton (D:4)
  2 worms
  3 dart slugs
  4 orcs (D:3)
  7 ball pythons
  6 bats
  5 endoplasms
  3 giant cockroaches
  4 goblins
  4 hobgoblins
  3 jackals (D:2)
  6 kobolds
  A quokka (D:1)
  3 frilled lizards
  4 rats
70 creatures vanquished.

Notes
Turn   | Place    | Note
-------+----------+-------------------------------------------
     0 | D:1      | cbfl8 the Minotaur Berserker began the quest for the Orb.
     0 | D:1      | Reached XP level 1. HP: 19/19 MP: 0/0
   160 | D:1      | Found Juimoab's Weapon Shoppe.
   228 | D:1      | Found Juyt's Antique Armour Boutique.
   251 | D:1      | Found Qytz's Jewellery Boutique.
   288 | D:1      | Found a faded altar of an unknown god.
   356 | D:1      | Reached XP level 2. HP: 27/27 MP: 1/1
   619 | D:2      | Reached XP level 3. HP: 24/33 MP: 2/2
  1036 | D:2      | Identified the +2 scale mail of Subjectivity {rF+ Will++
                  | Int+3}
  1251 | D:2      | Reached ** piety under Trog
  1252 | D:2      | Reached XP level 4. HP: 41/41 MP: 3/3
  1915 | D:3      | Reached XP level 5. HP: 47/47 MP: 4/4
  2031 | D:3      | Noticed Ijyb
  2047 | D:3      | Killed Ijyb
  2475 | D:3      | Reached skill level 5 in Axes
  2762 | D:4      | Reached XP level 6. HP: 28/55 MP: 5/5
  2764 | D:4      | Reached skill level 5 in Armour
  2765 | D:4      | HP: 3/82 [gnoll/+0 spear (2)]
  2766 | D:4      | Slain by a gnoll

Illustrated notes

Levels and vault maps discovered:
D:1:      scummos_arrival_checkerplants, layout_basic, serial_shops, shop,
          nicolae_shop_bloodbath_and_beyond, nicolae_shop_hallway_stairs,
          shapermc_ecumenical_altar_venn, grunt_decor_mini_mirrors
D:2:      layout_rooms
D:3:      mumra_celtic_spiral_tile, layout_basic, kennysheep_doodads, uniq_ijyb
D:4:      layout_cave_pools, serial_forest, infiniplex_forest_end_2,
          infiniplex_forest_pool, infiniplex_forest_lined_corner,
          infiniplex_forest_end_2, infiniplex_forest_lined_room_,
          infiniplex_forest_clump_tiny, infiniplex_forest_lined_room_2,
          minivault_26, uniq_duvessa

Skill      XL: |  1  2  3  4  5  6 |
---------------+-------------------+-----
Axes           | 4 5 |  5.5
Fighting       | 4 |  4.9
Armour         | 3 4 5 |  5.1
Dodging        | 3 |  3.1

Action                   |  1- 3 |  4- 6 || total
-------------------------+-------+-------++-------
Melee: Hand axe          |    59 |    90 ||   149
       Headbutt          |    13 |    19 ||    32
       Punch             |       |     1 ||     1
Invok: Berserk           |     1 |     1 ||     2
Armor: Ring mail         |    16 |       ||    16
       Animal skin       |     2 |       ||     2
       Scale mail        |    10 |    44 ||    54
Dodge: Dodged            |    43 |    47 ||    90
